 Dungeon Crawl Stone Soup version 0.26-a0-753-g4680b4fa2e (webtiles) character file.

Game seed: 6809771893062570692

373 GordonOverkill the Chiller (level 6, -3/47 HPs)
             Began as a Barachi Ice Elementalist on Nov 7, 2020.
             Was an Initiate of Cheibriados.
             Slain by a phantom (8 damage)
             ... on level 3 of the Dungeon.
             The game lasted 00:09:32 (5513 turns).

GordonOverkill the Chiller (BaIE)                   Turns: 5513, Time: 00:09:33

Health: -3/47      AC:  7    Str: 11    XL:     6   Next: 72%
Magic:  4/11       EV: 12    Int: 17    God:    Cheibriados [......]
Gold:   217        SH:  0    Dex: 14    Spells: 0/12 levels left

rFire    . . .     SeeInvis .   d - +0 dagger
rCold    . . .     Faith    +   (no shield)
rNeg     . . .     Spirit   .   a - +0 robe
rPois    .         Reflect  .   p - +0 helmet
rElec    .         Harm     .   (no cloak)
rCorr    .         Rampage  .   (no gloves)
MR       .....                  (no boots)
Stlth    ++........             o - amulet of faith
HPRegen  0.15/turn              l - +4 ring of protection
MPRegen  0.12/turn              (no ring)

@: can't hop, very slow
A: +LOS, swims, slowness 1, strong legs 1
a: Hop, Bend Time, Renounce Religion


You were on level 3 of the Dungeon.
You worshipped Cheibriados.
Cheibriados was noncommittal.
You visited 1 branch of the dungeon, and saw 4 of its levels.

You collected 217 gold pieces.

Inventory:

Hand Weapons
 d - a +0 dagger (weapon)
Missiles
 h - 6 boomerangs (quivered)
Armour
 a - a +0 robe (worn)
 p - a +0 helmet (worn)
Jewellery
 l - a +4 ring of protection (left hand)
 o - an amulet of faith (around neck)
Scrolls
 b - 4 scrolls of teleportation
 c - a scroll of identify
 i - 2 scrolls of remove curse
 j - a scroll of fear
 n - a scroll of magic mapping
 q - 2 scrolls of fog
 r - a scroll of enchant weapon
Potions
 e - a potion of ambrosia
 f - a potion of haste
 g - a potion of magic
 k - a potion of might
 m - 3 potions of curing


   Skills:
 + Level 3.6 Fighting
 - Level 2.1 Dodging
 - Level 1.7 Stealth
 + Level 3.8 Spellcasting
 * Level 7.3 Ice Magic
 + Level 1.0 Invocations


You couldn't memorise any spells.
You knew the following spells:

 Your Spells              Type           Power        Failure   Level
a - Freeze                Ice            ####         1%          1
b - Frozen Ramparts       Ice            ####..       2%          3
c - Hailstorm             Conj/Ice       ###.....     34%         4
d - Summon Ice Beast      Ice/Summ       ###.....     34%         4

Your spell library contained the following spells:

 Spells                   Type           Power        Failure   Level
 Ozocubu's Armour         Ice            ####....     2%          3


Dungeon Overview and Level Annotations

Branches:
Dungeon (4/15)
 Temple: D:4-7

Altars:
Cheibriados
Elyvilon
Fedhas
The Shining One


Innate Abilities, Weirdness & Mutations

You can be seen from farther away. (+LOS)
You can swim through water.
You cover ground slowly.
You can hop short distances.


Message History

You are very lightly contaminated with residual magic.
You shiver with cold!
* * * LOW HITPOINT WARNING * * *
The phantom barely misses you. The phantom closely misses you.
The phantom hits you.
* * * LOW HITPOINT WARNING * * *
The phantom blinks!
The phantom hits you.
* * * LOW HITPOINT WARNING * * *
The phantom hits you.
* * * LOW HITPOINT WARNING * * *
Press: ? - help, Dir - move target cursor, p - phantom Boing!
The phantom blinks!
The phantom blinks!
The phantom blinks! x2
Your magical contamination has completely faded away.
The phantom hits you!
You die...

##......
###########...####
#..............#
#####.#######.#...###
#..ยง....# #.......#
#.###.#.# #..#.##.#
#.# #.#.# #....##.#
#.# #.#.# ##.#+##.#
#.# #@#W# #....#.#
#.###W#.# ##......#
#.......#####.......##
#.........##.........#
#.##.......'.........'
#.###...#.############
#.# #..##.#### #.#
#.###.#..# #.# #.#
#....###


You could see a phantom.

Vanquished Creatures
  A water moccasin (D:4)
  A bullfrog (D:3)
  A hound (D:4)
  An iguana (D:3)
  A hound skeleton (D:4)
  3 gnolls (D:2)
  An ooze (D:4)
  An adder skeleton (D:4)
  6 worms
  10 dart slugs
  2 leopard geckos
  An orc (D:3)
  2 giant cockroaches
  7 goblins
  7 hobgoblins
  5 jackals
  5 kobolds
  A quokka (D:2)
  2 ball pythons
  7 bats
  A frilled lizard (D:1)
  6 rats
72 creatures vanquished.

Vanquished Creatures (others)
  A frilled lizard (D:2)
1 creature vanquished.

Grand Total: 73 creatures vanquished

Notes
Turn   | Place    | Note
-------+----------+-------------------------------------------
     0 | D:1      | GordonOverkill the Barachi Ice Elementalist began the quest
                  | for the Orb.
     0 | D:1      | Reached XP level 1. HP: 13/13 MP: 3/3
   105 | D:1      | Reached skill level 5 in Ice Magic
   313 | D:1      | Reached XP level 2. HP: 20/20 MP: 3/5
   516 | D:1      | Reached skill level 1 in Fighting
   822 | D:1      | Reached XP level 3. HP: 22/26 MP: 3/6
  1549 | D:2      | Learned a level 3 spell: Frozen Ramparts
  1563 | D:2      | Reached XP level 4. HP: 33/33 MP: 3/8
  2267 | D:2      | Reached skill level 6 in Ice Magic
  2358 | D:2      | Found a white marble altar of Elyvilon.
  3032 | D:3      | Found a snail-covered altar of Cheibriados.
  3153 | D:3      | Found a blossoming altar of Fedhas.
  3171 | D:3      | Became a worshipper of Cheibriados the Contemplative
  3532 | D:3      | Reached XP level 5. HP: 28/39 MP: 2/9
  3766 | D:3      | Found a glowing golden altar of the Shining One.
  4562 | D:4      | Reached XP level 6. HP: 47/47 MP: 6/11
  4614 | D:4      | Reached * piety under Cheibriados
  4614 | D:4      | Reached skill level 7 in Ice Magic
  4655 | D:4      | Noticed a water moccasin
  4662 | D:4      | Killed a water moccasin
  4813 | D:4      | Reached skill level 1 in Invocations
  5085 | D:4      | Learned a level 4 spell: Hailstorm
  5090 | D:4      | Learned a level 4 spell: Summon Ice Beast
  5197 | D:4      | Noticed a phantom
  5445 | D:4      | Noticed a nameless horror
  5498 | D:3      | HP: 1/47 [phantom (2)]
  5513 | D:3      | Slain by a phantom

Illustrated notes

Levels and vault maps discovered:
D:1:      enne_arrival_octagon_isle, layout_basic, minmay_cut_off
D:2:      layout_loops_ring, elyvilon_altar_4
D:3:      kennysheep_slugbush, layout_loops_corners,
          nicolae_tso_carved_into_rock, grunt_temple_overflow_open
D:4:      layout_loops_corners, makhleb_blood_cavern_becter, chequers_jeans,
          uniq_menkaure

Skill      XL: |  1  2  3  4  5  6 |
---------------+-------------------+-----
Ice Magic      | 5 6 7 |  7.3
Fighting       | 1 2 3 |  3.6
Spellcasting   | 3 |  3.8
Invocations    | 1 |  1.0
Dodging        | |  2.1
Stealth        | |  1.7

Action                   |  1- 3 |  4- 6 || total
-------------------------+-------+-------++-------
Melee: Club              |     5 |       ||     5
       Dagger            |     5 |    49 ||    54
Throw: Boomerang         |       |     7 ||     7
 Cast: Freeze            |    27 |    63 ||    90
       Frozen Ramparts   |     1 |    30 ||    31
       Summon Ice Beast  |       |     4 ||     4
Invok: Bend Time         |       |     4 ||     4
 Abil: Hop               |       |     2 ||     2
  Use: Scroll            |       |    11 ||    11
 Stab: Sleeping          |     1 |       ||     1
Armor: Robe              |     7 |    37 ||    44
Dodge: Dodged            |    16 |    83 ||    99

Table legend: (Time is in decaauts)
 A = Elapsed time spent in this place.
 B = Non-inter-level travel time spent in this place.
 C = Inter-level travel time spent in this place.
 D = Time resting spent in this place.
 E = Time spent auto-exploring this place.
 F = Levels seen in this place.
 G = Mean time per level.
                   A        B        C        D        E       F      G
               +--------+--------+--------+--------+--------+-----+--------+
         Total |   6346 |   6035 |    311 |   2457 |   2674 |   4 | 1586.5 |
       Dungeon |   6346 |   6035 |    311 |   2457 |   2674 |   4 | 1586.5 |
               +--------+--------+--------+--------+--------+-----+--------+

Top non-repeatable levels by time:
     D:3: 2154 daAuts
     D:2: 1731 daAuts
     D:1: 1606 daAuts
     D:4: 854 daAuts
